 Dungeon Crawl Stone Soup version 0.30-a0-722-g3e6e8c874d (webtiles) character file.

Game seed: 5920768112394105758

109 Dittersdorf the Covered (level 4, -3/29 HPs)
             Began as a Gargoyle Fighter on Jan 27, 2023.
             Killed from afar by Sigmund (18 damage)
             ... with a bolt of dispelling energy
             ... on level 3 of the Dungeon.
             The game lasted 00:02:32 (2315 turns).

Dittersdorf the Covered (Gargoyle Fighter)          Turns: 2315, Time: 00:02:32

Health: -3/29      AC: 16    Str: 21    XL:     4   Next: 90%
Magic:  4/4        EV:  5    Int:  9    God:
Gold:   178        SH: 10    Dex: 15    Spells: 3/3 levels left

rFire   . . .      SeeInvis .    a - +0 flail
rCold   + . .      Faith    .    c - +0 buckler
rNeg    + . .      Spirit   .    n - +0 plate armour
rPois   ∞          Reflect  +    (no helmet)
rElec   +          Harm     .    s - +0 cloak "Qeowkuz" {rC+}
rCorr   +          Rampage  .    (no gloves)
Will    .....                    (no boots) Stlth
                                 h - amulet of reflection
HPRegen 0.24/turn                e - ring of resist corrosion
MPRegen 0.09/turn                m - +6 ring of dexterity

@: no status effects
A: sickness immunity, AC +3, negative energy resistance 1, electricity
resistance, torment resistance 1, petrification resistance
a: no special abilities


You were on level 3 of the Dungeon.
You visited 1 branch of the dungeon, and saw 3 of its levels.

You collected 178 gold pieces.

Inventory:

Hand Weapons
 a - a +0 flail (weapon)
Armour
 c - a +0 buckler (worn)
 n - a +0 plate armour (worn)
 r - a +0 chain mail
 s - the +0 cloak "Qeowkuz" (worn) {rC+}
   (You found it on level 3 of the Dungeon)

   rC:        It protects you from cold.
Jewellery
 e - a ring of resist corrosion (left hand)
 h - an amulet of reflection (around neck)
 m - a +6 ring of dexterity (right hand)
Scrolls
 f - a scroll of enchant armour {unknown}
 g - 3 scrolls of identify {unknown}
 i - 2 scrolls of magic mapping {unknown}
 k - a scroll of silence {unknown}
 o - a scroll of noise {unknown}
 q - a scroll of acquirement {unknown}
Potions
 b - a potion of flight {unknown}
 d - a potion of might
 j - 2 potions of degeneration {unknown}
 l - 5 potions of brilliance {unknown}
 p - a potion of cancellation {unknown}
 t - a potion of curing {unknown}
 u - a potion of mutation {unknown}


   Skills:
 + Level 4.1 Fighting
 + Level 3.0 Maces & Flails
 + Level 4.1 Armour
 + Level 4.1 Shields


You had 3 spell levels left.
You didn't know any spells.
Your spell library contained the following spells:

 Spells                   Type           Power      Damage    Failure   Level
 Ensorcelled Hibernation  Hex/Ice        0%         N/A       100%        2
 Spider Form              Tmut/Pois      0%         N/A       100%        3
 Anguish                  Hex/Necr       0%         N/A       100%        4
 Dispel Undead            Necr           0%         3d6       100%        4
 Death Channel            Necr           0%         N/A       100%        6
 Cigotuvi's Dreadful Rot  Necr/Pois/Air  Unusable   N/A       N/A         2

Dungeon Overview and Level Annotations

Branches:
Dungeon (3/15)

Altars:

Annotations:
D:3 Sigmund


Innate Abilities, Weirdness & Mutations

You are immune to sickness and miasma.
Your stone body is resilient. (AC +3)
You are immune to poison.
You resist negative energy. (rN+)
You are resistant to electric shocks. (rElec)
You are resistant to unholy torment.
You are immune to petrification.


Message History

u - a bubbling emerald potion
There is a stone staircase leading up here.
Key pressed, stopping explore.
No target in view!
No target in view!
A rat comes into view.
You sock the rat!
You kill the rat!
No target in view!
No target in view!
No target in view!
No target in view!
No target in view!
No target in view!
No target in view!
No target in view!
No target in view!
No target in view!
No target in view!
No target in view!
Sigmund the Dreaded comes into view.
He is wielding a +0 scythe and carrying a wand of quicksilver (11).
Sigmund shouts!
You hear a shout!
Sigmund gestures wildly while chanting.
Sigmund flickers and vanishes!
Deactivating autopickup; reactivate with Ctrl-A.
You hear a zap.
A bolt of dispelling energy appears from out of thin air!
The bolt of dispelling energy hits you! You block something's attack.
You hit something.
Sigmund appears from thin air!
Reactivating autopickup.
Sigmund hits you with a +0 scythe!
You barely miss Sigmund.
Sigmund is lightly wounded.
You hit Sigmund but do no damage.
Sigmund is lightly wounded.
Sigmund zaps a wand.
The bolt of dispelling energy hits you!!
Ouch! That really hurt!
You die...

#......# #####..# #..#
#..# #..# #..# #..#
#..#########
#.....@@...#
#######.########.#
#.......# #.#
#.####### #.# ###.###
#.#
###.....############.#
#....................#
#.#.........)#########
..#†....####.#


You could see Sigmund.

Vanquished Creatures
  An orc priest (D:3)
  An adder (D:2)
  2 worms (D:2)
  A dart slug (D:1)
  4 orcs (D:3)
  6 ball pythons
  4 endoplasms
  4 giant cockroaches
  7 goblins
  2 hobgoblins
  3 kobolds
  7 quokkas
  4 bats
  2 frilled lizards
  6 rats
54 creatures vanquished.

Vanquished Creatures (others)
  16 demonic plants (D:3)
  7 fungi (D:3)
  7 plants (D:3)
  9 withered plants (D:3)
39 creatures vanquished.

Grand Total: 93 creatures vanquished

Notes
Turn   | Place    | Note
-------+----------+-------------------------------------------
     0 | D:1      | Dittersdorf the Gargoyle Fighter began the quest for the
                  | Orb.
     0 | D:1      | Reached XP level 1. HP: 14/14 MP: 1/1
    99 | D:1      | Reached XP level 2. HP: 16/19 MP: 2/2
   857 | D:2      | Reached XP level 3. HP: 22/23 MP: 3/3
  1592 | D:3      | Reached XP level 4. HP: 29/29 MP: 4/4
  1948 | D:3      | Identified the +0 cloak "Qeowkuz" {rC+}
  2288 | D:3      | Noticed Sigmund
  2315 | D:3      | Killed from afar by Sigmund

Illustrated notes

Levels and vault maps discovered:
D:1:      lemuel_arrival_hallway, layout_loops_ring, minivault_5,
          minmay_split_cup_small
D:2:      layout_loops_cross, serial_glass, glass_columns_a, glass_columns_c,
          glass_columns_b, glass_columns_c, glass_columns_c, glass_columns_b,
          feat_on_display, feat_on_display, grunt_ministairs_8
D:3:      layout_loops_ring, shapermc_ecumenical_altar_gd, uniq_sigmund

Skill      XL: |  1  2  3  4 |
---------------+-------------+-----
Fighting       | 4 |  4.1
Armour         | 4 |  4.1
Shields        | 4 |  4.1
Maces & Flails | 3 |  3.0

Action                     |  1- 3 |  4- 6 || total
---------------------------+-------+-------++-------
  Melee: Flail             |   100 |    40 ||   140
 Armour: Scale mail        |    36 |     3 ||    39
         Plate armour      |       |    11 ||    11
  Dodge: Dodged            |    41 |    10 ||    51
  Block: Buckler           |    41 |    14 ||    55

Table legend: (Time is in decaauts)
 A = Elapsed time spent in this place.
 B = Non-inter-level travel time spent in this place.
 C = Inter-level travel time spent in this place.
 D = Time resting spent in this place.
 E = Time spent auto-exploring this place.
 F = Levels seen in this place.
 G = Mean time per level.
                   A        B        C        D        E       F      G
               +--------+--------+--------+--------+--------+-----+--------+
         Total |   2358 |   2222 |    136 |     98 |   1682 |   3 |  786.0 |
       Dungeon |   2358 |   2222 |    136 |     98 |   1682 |   3 |  786.0 |
               +--------+--------+--------+--------+--------+-----+--------+

Top non-repeatable levels by time:
     D:1: 873 daAuts
     D:3: 777 daAuts
     D:2: 707 daAuts
